 Dungeon Crawl Stone Soup version 0.32-a0-986-ga09f62fbf4 (webtiles) character file.

Game seed: 11262747313573232401

402 GiantSquids the Changeling (level 6, -8/38 HPs)
             Began as an Octopode Shapeshifter on Apr 22, 2024.
             Was a Follower of Makhleb.
             Mangled by an iguana (11 damage)
             ... on level 5 of the Dungeon.
             The game lasted 00:07:34 (3319 turns).

GiantSquids the Changeling (Octopode Shapeshifter)  Turns: 3319, Time: 00:07:35

Health: -8/38      AC:  1    Str: 15    XL:     6   Next: 85%
Magic:  6/6        EV: 12    Int: 13    God:    Makhleb [*.....]
Gold:   187        SH:  0    Dex: 11    Spells: 5/5 levels left

rFire   . .          .
                       - Unarmed
rCold   . . .        (no shield)
rNeg    . . .        (helmet currently unavailable)
rPois   .            e - amulet of faith
rElec   .            (no ring)
rCorr   .            (no ring)
SInv    .            (no ring)
Will    .....        (no ring)
Stlth   +++          (no ring)
HPRegen 0.26/turn    (no ring)
MPRegen 0.10/turn    (no ring)
                     (no ring)

%: faith
@: beast-form
A: beast (slay +3), almost no armour, amphibious, 8 rings, camouflage 1,
gelatinous body 1, (nimble swimmer 1), tentacles
a: Begin Untransformation, Renounce Religion


You were on level 5 of the Dungeon.
You worshipped Makhleb.
Makhleb was aware of your devotion.
You were a hulking beast.
You visited 2 branches of the dungeon, and saw 7 of its levels.

You collected 187 gold pieces.

Inventory:

Hand Weapons
 u - the +8 dagger of Equivalence {heavy, ^Drain Str+3 Int+4}
   (You found it on level 5 of the Dungeon)

   Str+3:     It affects your strength (+3).
   Int+4:     It affects your intelligence (+4).
   ^Drain:    It drains your maximum health when unequipped.
Missiles
 t - 5 boomerangs (quivered)
Jewellery
 a - a ring of flight
 e - an amulet of faith (around mantle)
Talismans
 b - a beast talisman (active)
 c - a flux talisman
Scrolls
 f - 5 scrolls of identify {unknown}
 g - 6 scrolls of teleportation {unknown}
 h - a scroll of revelation {unknown}
 i - a scroll of butterflies {unknown}
 k - 2 scrolls of fear {unknown}
 l - a scroll of enchant weapon {unknown}
 o - a scroll of amnesia {unknown}
 p - a scroll of blinking {unknown}
 s - a scroll of immolation {unknown}
Potions
 d - 2 potions of attraction
 n - a potion of cancellation {unknown}
 q - a potion of might {unknown}
 r - a potion of mutation {unknown}


   Skills:
 - Level 1.0 Fighting
 - Level 2.0 Dodging
 - Level 4.5 Stealth
 - Level 3.0 Unarmed Combat
 * Level 6.2 Shapeshifting


You had 5 spell levels left.
You didn't know any spells.
Your spell library contained the following spells:

 Spells                   Type           Power      Damage    Failure   Level
 Magic Dart               Conj           0%         1d3       30%         1
 Shock                    Conj/Air       0%         1d3       30%         1
 Blink                    Tloc           0%         N/A       43%         2
 Call Imp                 Summ           0%         N/A       43%         2
 Lesser Beckoning         Tloc           0%         N/A       43%         2
 Momentum Strike          Conj/Tloc      0%         3d8       43%         2
 Scorch                   Fire           0%         2d5       43%         2
 Swiftness                Air            0%         N/A       67%         3
 Airstrike                Air            0%         2d(0-16)  97%         4
 Flame Wave               Conj/Fire      0%         2d4       97%         4
 Summon Cactus Giant      Summ           0%         N/A       100%        6


Dungeon Overview and Level Annotations

Branches:
Dungeon (6/15)             Temple (1/1) D:4

Altars:
Cheibriados
Dithmenos
Fedhas
Gozag
Hepliaklqana
Makhleb
Nemelex Xobeh
Okawaru
Qazlal
Ru
Sif Muna
Trog
Uskayaw
Vehumet
Xom
Yredelemnul
Zin
The Shining One

Shops:
D:2 :

Annotations:
D:4 1 runed translucent door
D:5 Pikel


Innate Abilities, Weirdness & Mutations

You are a hulking beast.
Your limbs bulge with bestial killing power. (Slay +3)
You cannot wear most types of armour.
You are amphibious.
You can wear up to eight rings at the same time.
Your skin changes colour to match your surroundings (Stealth+).
Your rubbery body absorbs attacks. (AC +1, EV +1)
((You are camouflaged when in or above water. (Stealth+)))
You have tentacles for arms and can constrict up to eight enemies at once.


Message History

Found a stone staircase leading up.
The ufetubus completely misses you. The ufetubus hits you.
The ufetubus hits you.
* * * LOW HITPOINT WARNING * * *
The ufetubus closely misses you.
You closely miss the ufetubus. You grab the ufetubus.
You tentacle-slap the ufetubus.
The ufetubus is severely wounded.
You constrict the ufetubus.
You kill the ufetubus!
Makhleb accepts your kill.
You start resting.
HP restored.
Found an encrusted wooden ring.
a - a ring of flight
There is a stone staircase leading up here.
You climb upwards.
Level annotation: Pikel
There is a stone staircase leading down here.
You start putting on your amulet.
You continue putting on your amulet of faith. x5
You finish putting on your amulet of faith.
You feel a surge of divine interest.
e - an amulet of faith (around mantle)
Found a stone staircase leading down.
An iguana comes into view.
The helpless iguana fails to defend itself.
You tentacle-slap the iguana but do no damage.
You grab the iguana. You constrict the iguana. The iguana bites you!
You tentacle-slap the iguana.
The iguana is moderately wounded.
You constrict the iguana. The iguana bites you!
You tentacle-slap the iguana.
The iguana is heavily wounded.
You constrict the iguana. The iguana bites you!
* * * LOW HITPOINT WARNING * * *
You tentacle-slap the iguana but do no damage.
The iguana is severely wounded.
You constrict the iguana. The iguana bites you!
You die...

.... ...# #... ...
.... #..## ....
#...## #.. #...##
#... #..l## ..
#...####.h..#..#
.# #.............#
.##......####..##
.....###........#
##.. ##...........
#..##.............
#.#..........>...
#.>..............
##.#..........


You could see an iguana.

Vanquished Creatures
  A lemure (D:6)
  A kobold brigand (D:6)
  Blork the orc (D:4)
  An orc priest (D:6)
  A hound (D:6)
  A sleepcap (D:6)
  An iguana (D:4)
  An orc wizard (D:6)
  3 adders (D:2)
  4 ufetubi (D:6)
  8 orcs
  7 ball pythons
  7 endoplasms
  5 giant cockroaches
  7 goblins
  9 hobgoblins
  3 quokkas (D:1)
  4 bats
  3 frilled lizards
  11 kobolds
  5 rats
84 creatures vanquished.

Notes
Turn   | Place    | Note
-------+----------+-------------------------------------------
     0 | D:1      | GiantSquids the Octopode Shapeshifter began the quest for
                  | the Orb.
     0 | D:1      | Reached XP level 1. HP: 13/13 MP: 1/1
    70 | D:1      | Reached skill level 1 in Stealth
    90 | D:1      | Reached XP level 2. HP: 18/18 MP: 2/2
   483 | D:1      | Reached XP level 3. HP: 15/23 MP: 3/3
   527 | D:1      | Found a faded altar of an unknown god.
   807 | D:2      | Reached skill level 4 in Shapeshifting
   990 | D:2      | Found Liek Ryuc's Book Emporium.
  1028 | D:2      | Found the +4 robe of Augmentation {Str+4 Int+4 Dex+4}
  1039 | D:2      | Reached XP level 4. HP: 24/28 MP: 4/4
  1475 | D:3      | Found a glowing golden altar of the Shining One.
  1854 | D:3      | Found a snail-covered altar of Cheibriados.
  1861 | D:3      | Found a hide-covered altar of Uskayaw.
  1864 | D:3      | Found a radiant altar of Vehumet.
  1864 | D:3      | Found a sacrificial altar of Ru.
  1871 | D:3      | Found a blossoming altar of Fedhas.
  2053 | D:4      | Found a hazy altar of Hepliaklqana.
  2067 | D:4      | Found a staircase to the Ecumenical Temple.
  2078 | Temple   | Entered the Ecumenical Temple
  2083 | Temple   | Became a worshipper of Makhleb the Destroyer
  2124 | D:4      | Reached XP level 5. HP: 33/33 MP: 5/5
  2290 | D:4      | Found a runed translucent door.
  2368 | D:4      | Noticed Blork the orc
  2374 | D:4      | Killed Blork the orc
  2375 | D:4      | Reached skill level 5 in Shapeshifting
  2511 | D:4      | Found a bloodstained altar of Trog.
  3027 | D:5      | Entered Level 5 of the Dungeon
  3027 | D:5      | Identified the +8 dagger of Equivalence {heavy, ^Drain
                  | Str+3 Int+4}
  3027 | D:5      | Noticed a lemure
  3046 | D:5      | Noticed Pikel
  3046 | D:5      | Noticed a lemure
  3046 | D:5      | Noticed a lemure
  3046 | D:5      | Noticed a lemure
  3058 | D:6      | Noticed a kobold brigand
  3066 | D:6      | Killed a lemure
  3071 | D:6      | Killed a kobold brigand
  3072 | D:6      | Reached XP level 6. HP: 17/38 MP: 6/6
  3081 | D:6      | HP: 1/38 [orc priest/nerve-wracking pain (12)]
  3112 | D:6      | Reached skill level 6 in Shapeshifting
  3118 | D:6      | Reached * piety under Makhleb
  3319 | D:5      | Mangled by an iguana

Illustrated notes

Levels and vault maps discovered:
D:1:      dpeg_arrival_tiny_c, layout_basic,
          shapermc_ecumenical_altar_mp_ritualfount
D:2:      layout_loops_cross, serial_shops, nicolae_shop_peninsula
D:3:      layout_rooms, nicolae_overflow_hallway_of_the_gods,
          nicolae_tso_carved_into_rock, solitary_fountain
D:4:      layout_layer_cave, mainiacjoe_overflow_six_doors_small, bloody_trog,
          minmay_temple_entry_statues_pillars, ebering_ghost_reflecting_pool,
          nicolae_kite_square_tiling_tiny, uniq_blork_the_orc
D:5:      layout_layer_cave, lemuel_round_altar, uniq_pikel
D:6:      kennysheep_big_flooded_room, layout_basic,
          nicolae_wu_jian_immortal_techniques
Temple:   hellmonk_temple_micro_hex

Skill      XL: |  1  2  3  4  5  6 |
---------------+-------------------+-----
Stealth        | 1 2 3 4 |  4.5
Shapeshifting  | 4 5 6 |  6.2
Fighting       | |  1.0
Dodging        | |  2.0
Unarmed Combat | |  3.0

Action                     |  1- 3 |  4- 6 || total
---------------------------+-------+-------++-------
  Melee: Unarmed           |    65 |    99 ||   164
         Constrict         |    20 |    24 ||    44
         Tentacles         |    10 |    17 ||    27
         Punch             |     1 |     3 ||     4
    Use: Potion            |       |     4 ||     4
   Stab: Sleeping          |     9 |     9 ||    18
 Armour: Skin              |    20 |    72 ||    92
  Dodge: Dodged            |    31 |    31 ||    62

Table legend: (Time is in decaauts)
 A = Elapsed time spent in this place.
 B = Non-inter-level travel time spent in this place.
 C = Inter-level travel time spent in this place.
 D = Time resting spent in this place.
 E = Time spent auto-exploring this place.
 F = Levels seen in this place.
 G = Mean time per level.
                   A        B        C        D        E       F      G
               +--------+--------+--------+--------+--------+-----+--------+
         Total |   3310 |   3184 |    126 |    140 |   2452 |   7 |  472.9 |
       Dungeon |   3299 |   3173 |    126 |    140 |   2452 |   6 |  549.8 |
        Temple |     10 |     10 |      0 |      0 |      0 |   1 |   10.0 |
               +--------+--------+--------+--------+--------+-----+--------+

Top non-repeatable levels by time:
     D:4: 1047 daAuts
     D:1: 733 daAuts
     D:2: 671 daAuts
     D:3: 558 daAuts
     D:6: 236 daAuts
     D:5: 52 daAuts
  Temple: 10 daAuts
